 Dungeon Crawl Stone Soup version 0.27-a0-1140-g099f9bb0e8 (webtiles) character file.

Game seed: 2486627317926296533

91 Zeld the Skirmisher (level 4, -4/33 HPs)
             Began as an Octopode Fighter on May 9, 2021.
             Slain by a phantom (7 damage)
             ... on level 3 of the Dungeon.
             The game lasted 00:03:07 (3248 turns).

Zeld the Skirmisher (Octopode Fighter)              Turns: 3248, Time: 00:03:08

Health: -4/33      AC:  1    Str: 16    XL:     4   Next: 57%
Magic:  4/4        EV: 13    Int: 10    God:
Gold:   148        SH:  0    Dex: 11    Spells: 3/3 levels left

rFire    . . .     SeeInvis .   a - +0 war axe
rCold    . . .     Faith    .   (no shield)
rNeg     . . .     Spirit   .   (helmet restricted)
rPois    .         Reflect  .   (no amulet)
rElec    .         Harm     .   (no ring)
rCorr    .         Rampage  .   (no ring)
Will     .....                  (no ring)
Stlth    ++........             (no ring)
HPRegen  0.11/turn              (no ring)
MPRegen  0.09/turn              (no ring)
                                (no ring)
                                (no ring)

@: mighty
A: almost no armour, amphibious, 8 rings, camouflage 1, gelatinous body 1,
(nimble swimmer 1), tentacles
a: no special abilities


You were on level 3 of the Dungeon.
You visited 1 branch of the dungeon, and saw 3 of its levels.

You collected 148 gold pieces.

Inventory:

Hand Weapons
 a - a +0 war axe (weapon)
Missiles
 i - 4 javelins (quivered)
Scrolls
 e - a scroll of noise {unknown}
 f - a scroll of acquirement {unknown}
 g - a scroll of enchant armour {unknown}
 h - a scroll of identify {unknown}
Potions
 b - 2 potions of curing {unknown}
 c - a potion of might
 d - a potion of berserk rage {unknown}
 j - a potion of degeneration {unknown}
 k - a potion of heal wounds {unknown}


   Skills:
 - Level 3.9 Fighting
 - Level 3.1 Axes
 * Level 1.9 Throwing
 - Level 3.0 Dodging
 - Level 3.0 Shields


You had 3 spell levels left.
You didn't know any spells.
Your spell library contained the following spells:

 Spells                   Type           Power      Damage    Failure   Level
 Beastly Appendage        Tmut           0%         N/A       36%         1
 Wereblood                Tmut           0%         N/A       50%         2
 Spider Form              Tmut/Pois      0%         N/A       75%         3
 Ice Form                 Ice/Tmut       0%         N/A       98%         4
 Summon Ice Beast         Ice/Summ       0%         N/A       98%         4
 Hydra Form               Tmut           0%         N/A       100%        5
 Freezing Cloud           Conj/Ice/Air   0%         6-21      100%        6
 Simulacrum               Ice/Necr       0%         N/A       100%        6
 Ozocubu's Refrigeration  Ice            0%         4d5       100%        7


Dungeon Overview and Level Annotations

Branches:
Dungeon (3/15)

Altars:
Cheibriados

Shops:
D:2 (


Innate Abilities, Weirdness & Mutations

You cannot wear most types of armour.
You are amphibious.
You can wear up to eight rings at the same time.
Your skin changes colour to match your surroundings (Stealth+).
Your rubbery body absorbs attacks. (AC +1, EV +1)
((You are camouflaged near water. (Stealth+)))
You have tentacles for arms and can constrict up to eight enemies at once.


Message History

There is a stone staircase leading up here.
A rat comes into view.
A rat is nearby!
The rat barely misses you.
You closely miss the rat. You grab the rat. You constrict the rat.
The rat barely misses you.
You slash the rat!
You kill the rat!
You see here a rat corpse.
No target in view!
You see here a rat corpse.
Found an escape hatch in the ceiling.
There is an escape hatch in the ceiling here.
A phantom comes into view.
A phantom is nearby!
Okay, then.
Throw: 5 javelins
Press: ? - help, Q - select action Shift-Dir - straight line, f - phantom
Aim: a phantom (43% to hit)
You throw a javelin. The javelin misses the phantom.
Unknown command.
You feel very mighty all of a sudden.
You miss the phantom. You squeeze the phantom.
The phantom is lightly damaged.
The phantom hits you! x2; The phantom blinks!
You blink.
You hit the phantom. Your squeeze misses the phantom.
The phantom is moderately damaged.
The phantom hits you!
You are too injured to fight recklessly!
You are too injured to fight recklessly!
You completely miss the phantom.
The phantom is moderately damaged.
The phantom hits you!
* * * LOW HITPOINT WARNING * * *
The phantom blinks!
You blink.
Unknown command.
You miss the phantom.
The phantom is moderately damaged.
The phantom closely misses you. The phantom hits you!
You die...

##################
........<.......W#
################@#
#.# #.# #.# #ยง#
#.# #.# #.# #.#


You could see a phantom.

Vanquished Creatures
  An adder (D:3)
  An adder skeleton (D:3)
  A dart slug (D:2)
  5 orcs
  4 endoplasms
  5 giant cockroaches
  5 goblins
  8 hobgoblins
  8 jackals
  2 quokkas (D:3)
  4 ball pythons
  3 bats
  A frilled lizard (D:1)
  10 kobolds
  7 rats
65 creatures vanquished.

Notes
Turn   | Place    | Note
-------+----------+-------------------------------------------
     0 | D:1      | Zeld the Octopode Fighter began the quest for the Orb.
     0 | D:1      | Reached XP level 1. HP: 16/16 MP: 1/1
    15 | D:1      | Noticed a centaur
   326 | D:1      | Reached XP level 2. HP: 16/21 MP: 2/2
  1341 | D:1      | Reached XP level 3. HP: 26/26 MP: 3/3
  2096 | D:2      | Found a snail-covered altar of Cheibriados.
  2296 | D:2      | Found Fuom Ozul's Antique Weapon Emporium.
  2651 | D:3      | Reached XP level 4. HP: 20/33 MP: 4/4
  2657 | D:3      | Reached skill level 1 in Throwing
  3239 | D:3      | Noticed a phantom
  3248 | D:3      | Slain by a phantom

Illustrated notes

Levels and vault maps discovered:
D:1:      evilmike_arrival_come_back, layout_basic
D:2:      minmay_wonky_spiral, layout_basic, serial_shops, shop, basic_altar
D:3:      layout_basic, ebering_ecumenical_altar_abandoned,
          minmay_misc_feat_five

Skill      XL: |  1  2  3  4 |
---------------+-------------+-----
Axes           | 3 |  3.1
Throwing       | 1 |  1.9
Fighting       | |  3.9
Dodging        | |  3.0
Shields        | |  3.0

Action                   |  1- 3 |  4- 6 || total
-------------------------+-------+-------++-------
Melee: War axe           |    82 |    28 ||   110
       Constrict         |    22 |     7 ||    29
       Tentacles         |     6 |     3 ||     9
Throw: Javelin           |       |     1 ||     1
  Use: Potion            |       |     1 ||     1
 Stab: Sleeping          |     4 |     1 ||     5
Armor: Skin              |     5 |     1 ||     6
Dodge: Dodged            |    66 |    17 ||    83

Table legend: (Time is in decaauts)
 A = Elapsed time spent in this place.
 B = Non-inter-level travel time spent in this place.
 C = Inter-level travel time spent in this place.
 D = Time resting spent in this place.
 E = Time spent auto-exploring this place.
 F = Levels seen in this place.
 G = Mean time per level.
                   A        B        C        D        E       F      G
               +--------+--------+--------+--------+--------+-----+--------+
         Total |   3288 |   3254 |     34 |    171 |   2676 |   3 | 1096.0 |
       Dungeon |   3288 |   3254 |     34 |    171 |   2676 |   3 | 1096.0 |
               +--------+--------+--------+--------+--------+-----+--------+

Top non-repeatable levels by time:
     D:1: 1673 daAuts
     D:2: 886 daAuts
     D:3: 728 daAuts
